 Dungeon Crawl Stone Soup version 0.26-a0-54-g15ccc7ae60 (webtiles) character file.

Game seed: 18141822963670428022

14933 bmfx the Fighter (level 12, -4/98 HPs)
             Began as a Formicid Fire Elementalist on June 7, 2020.
             Was a Follower of Uskayaw.
             Slain by a wolf (5 damage)
             ... on level 2 of the Lair of Beasts.
             The game lasted 00:31:25 (15861 turns).

bmfx the Fighter (Formicid Fire Elementalist)      Turns: 15861, Time: 00:31:26

Health: -4/98      AC:  4    Str: 12 (15) XL:     12   Next: 51%
Magic:  2/21       EV: 15    Int: 17 (18) God:    Uskayaw [*.....]
Gold:   661        SH:  0    Dex:  9 (11) Spells: 13/23 levels left

rFire    . . .     SeeInvis +   w - staff of energy {!a}
rCold    + . .     Gourm    .   (no shield)
rNeg     + . .     Faith    +   y - +0 leather armour (curse)
rPois    .         Spirit   .   (helmet unavailable)
rElec    .         Reflect  .   o - scarf {repulsion}
rCorr    .         Harm     .   d - +0 pair of gloves
MR       +....                  (no boots)
Stlth    ++........             s - amulet of faith
HPRegen  0.26/turn              u - ring of positive energy
MPRegen  0.17/turn              A - ring of protection from cold

@: brilliant, lethally poisoned (-4 -> -11), very slightly contaminated,
invisible (expiring), repel missiles
A: permanent stasis, dig shafts and tunnels, four strong arms, antennae 3
a: Dig, Shaft Self, Stomp, Renounce Religion


You were on level 2 of the Lair of Beasts.
You worshipped Uskayaw.
Uskayaw was noncommittal.
You were not hungry.

You visited 3 branches of the dungeon, and saw 16 of its levels.

You collected 661 gold pieces.


Innate Abilities, Weirdness & Mutations

You cannot be hasted, slowed, berserked, paralysed or teleported.
You can dig through walls and to a lower floor.
Your four strong arms can wield two-handed weapons with a shield.
You have a pair of large antennae on your head. (SInv)

Dungeon Overview and Level Annotations

Branches:
Dungeon (13/15)            Temple (1/1) D:4            Lair (1/6) D:8
    Orc: D:9-12      Vaults: D:13-14

Altars:
Ashenzari
Cheibriados
Dithmenos
Elyvilon
Fedhas
Gozag
Hepliaklqana
Kikubaaqudgha
Makhleb
Nemelex Xobeh
Okawaru
Qazlal
Ru
Sif Muna
Trog
Uskayaw
Vehumet
Wu Jian
Xom
Yredelemnul
Zin
The Shining One

Shops:
D:5 :   D:11 (

Annotations:
D:5 exclusion: crimson imp
D:7 3 runed translucent doors, Dowan; Duvessa; PeterMcNeter's ghost, novice DEFE
D:10 3 runed translucent doors, Fannar; Lugonue's ghost, journeyman GrVM; Maurice; Nergalle
D:11 exclusion: centaur, Snorg


   Skills:
 - Level 10.5 Fighting
 - Level 8.0 Dodging
 - Level 2.4 Stealth
 - Level 6.0 Spellcasting
 + Level 9.0 Conjurations
 + Level 9.1 Fire Magic
 - Level 4.0 Invocations


You had 13 spell levels left.
You knew the following spells:

 Your Spells              Type           Power        Failure   Level  Hunger
A - Foxfire               Conj/Fire      ####         1%          1    None
B - Sticky Flame          Conj/Fire      ######..     3%          4    None
C - Fireball              Conj/Fire      ######....   11%         5    None

Your spell library contained the following spells:

 Spells                   Type           Power        Failure   Level  Hunger
 Conjure Flame            Conj/Fire      ######..     1%          3    None
 Inner Flame              Hex/Fire       ####....     8%          3    None
 Beastly Appendage        Tmut           #.....       16%         1    None
 Sticks to Snakes         Tmut           #.......     24%         2    None
 Spider Form              Tmut/Pois      #.........   43%         3    None
 Ice Form                 Ice/Tmut       #.......     85%         4    None
 Blade Hands              Tmut           #.........   99%         5    None

Action                   |  1- 3 |  4- 6 |  7- 9 | 10-12 || total
-------------------------+-------+-------+-------+-------++-------
Melee: Short sword       |    17 |    19 |       |       ||    36
       Staff             |       |     7 |     2 |       ||     9
       Dagger            |       |       |       |     2 ||     2
Throw: Dart              |       |     5 |       |     1 ||     6
 Cast: Foxfire           |    52 |   102 |   294 |   116 ||   564
       Sticky Flame      |       |       |    17 |    61 ||    78
       Fireball          |       |       |       |     2 ||     2
 Abil: Dig               |       |     1 |     3 |     2 ||     6
       Shaft Self        |       |       |       |     1 ||     1
  Use: Scroll            |     1 |     7 |     3 |     3 ||    14
       Potion            |       |       |       |     8 ||     8
 Stab: Sleeping          |     5 |     3 |       |       ||     8
  Eat: Chunk             |     3 |     7 |     3 |    10 ||    23
       Ration            |       |     1 |     5 |     1 ||     7
Armor: Robe              |     7 |     3 |     3 |       ||    13
       Leather armour    |       |       |     3 |    23 ||    26
Dodge: Dodged            |    25 |    26 |    32 |    75 ||   158
       Repelled          |       |     1 |     2 |     4 ||     7

Skill      XL: |  1  2  3  4  5  6  7  8  9 10 11 12 |
---------------+-------------------------------------+-----
Conjurations   | 1 2 3 4 5 6 8 9 |  9.0
Spellcasting   | 3 4 5 6 |  6.0
Fire Magic     | 4 5 6 8 9 |  9.1
Fighting       | 2 4 10 | 10.5
Invocations    | 4 |  4.0
Dodging        | 6 7 8 |  8.0
Stealth        | |  2.4

Inventory:

Hand Weapons
 a - a +2 dagger of electrocution
 f - a +0 short sword
 j - a +0 broad axe
 x - a +5 great sword of freezing
Missiles
 h - 63 poisoned darts (quivered)
Armour
 d - a +0 pair of gloves (worn)
 o - a scarf of repulsion (worn)
 y - a cursed +0 leather armour (worn)
Magical Staves
 e - an uncursed staff of poison
 w - an uncursed staff of energy (weapon) {!a}
Jewellery
 i - a cursed amulet of inaccuracy {unknown}
 q - an uncursed ring of stealth
 s - an amulet of faith (around neck)
 u - a ring of positive energy (left hand)
 A - a ring of protection from cold (right hand)
Wands
 g - a wand of polymorph (7)
Scrolls
 b - 3 scrolls of remove curse {@r4}
 l - 3 scrolls of magic mapping
 m - 2 scrolls of immolation
Potions
 k - 2 potions of cancellation
Comestibles
 c - 11 rations

...............
..................
##...................
........^............
#............?.......
..#..................
#.P.........h........
#...........h........
#P.........#h@.......
#........#.S........
#........†..h........
.....................
#....................
#####################


You could see a water moccasin and 4 wolves.

Vanquished Creatures
  A skeletal warrior (D:11)
  An unseen horror (D:10)
  A black mamba (Lair:1)
  A spiny frog (Lair:1)
  A hornet (D:9)
  Prince Ribbit (D:9)
  2 hippogriffs
  6 yaks
  A wraith (D:11)
  A vampire (D:11)
  5 orc warriors
  2 sky beasts
  A hornet zombie (D:8)
  4 ice beasts
  4 phantoms
  2 centaurs
  7 ogres
  A wolf (Lair:2)
  2 big kobolds
  6 bullfrogs
  A wyvern skeleton (D:10)
  4 scorpions
  8 wights
  3 bullfrog zombies
  A crimson imp (D:10)
  A centaur zombie (D:5)
  A quasit (D:8)
  2 bullfrog skeletons
  2 hounds
  2 jellies
  5 orc priests
  2 iguanas
  12 orc wizards
  6 worker ants
  A hound skeleton (D:11)
  A howler monkey zombie (D:6)
  A worker ant zombie (D:9)
  A howler monkey skeleton (D:11)
  21 adders
  A shadow imp (D:10)
  3 adder zombies
  5 worms
  6 dart slugs
  2 leopard geckos
  25 orcs
  12 bats
  3 giant cockroaches
  4 goblins
  10 hobgoblins
  2 jackals
  10 kobolds
  2 quokkas (D:7)
  4 ball pythons
  A ball python skeleton (D:5)
  6 frilled lizards
  A quokka skeleton (D:4)
  6 rats
228 creatures vanquished.

Vanquished Creatures (collateral kills)
  An orc (D:3)
  A goblin (D:3)
2 creatures vanquished.

Vanquished Creatures (others)
  An adder (D:5)
  892 foxfires
893 creatures vanquished.

Grand Total: 1123 creatures vanquished

Levels and vault maps discovered:
D:1:      erik_arrival_blinker_ship, layout_basic
D:2:      layout_loops_cross, grunt_gozag_statues, lemuel_crystal_altar,
          nicolae_dithmenos_shadow_blocks, lemuel_round_altar,
          lemuel_doored_altar
D:3:      layout_basic
D:4:      layout_loops_corners, nicolae_overflow_hidden_temple,
          marbit_many_paths, minmay_temple_entry_waves
D:5:      layout_gridville, fiery_altar_vehumet, basic_altar, first_ration,
          serial_shops, shop_statue, chequers_serial_rivers_room_a
D:6:      layout_rooms, overflow_temple_1_default
D:7:      layout_cave_pods, gammafunk_ghost_split, minmay_checkerbox,
          uniq_duvessa
D:8:      layout_layer_cave, led_sif_book, nicolae_overflow_crystal_walls,
          dpeg_oklobed_lair
D:9:      layout_grid_maze, lemuel_round_altar,
          nemelex_xobeh_ov_fountains_minmay, uniq_prince_ribbit1
D:10:     layout_loops_cross, ebering_ghost_rock_garden, st_stairs_12,
          hangedman_little_slice_of_home, lemuel_old_faithful, uniq_maurice,
          uniq_fannar, uniq_nergalle
D:11:     layout_gridville, serial_shops, shop_fountains, st_stairs_9,
          minmay_microvault, uniq_snorg
D:12:     layout_roguey, erik_orc_3
D:13:     layout_grid_maze
Temple:   jpeg_temple_island
Lair:1:   layout_gridlike, serial_bayou, serial_bayou_pond_b,
          serial_bayou_ford_a, serial_bayou_shore_a, serial_bayou_pond_c,
          serial_bayou_lagoon_a, serial_bayou_lagoon_b
Lair:2:   layout_hall_layers, lemuel_fruit_fields, uniq_urug


Message History

The wolf misses you. The wolf barely misses you.
The wolf burns! x2
You kill the wolf!
The wolf closely misses you. x2
Casting: Sticky Flame (dangerous; 3% risk of failure)
Confirm with . or Enter, or press ? or * to list all spells.
Aiming: Sticky Flame (dangerous; 3% risk of failure)
Press: ? - help, Shift-Dir - straight line, f - wolf, p - wolf
Aim: a wolf You feel a surge of power!
The sticky flame hits the wolf!
The wolf is moderately wounded.
The wolf is covered in liquid flames!
The wolf burns! x2; The wolf bites you.
* * * LOW HITPOINT WARNING * * *
The water moccasin bites you.
* * * LOW HITPOINT WARNING * * *
You are lethally poisoned!
The water moccasin poisons you! The wolf bites you.
* * * LOW HITPOINT WARNING * * *
The wolf bites you.
You die...

Notes
Turn   | Place    | Note
-------+----------+-------------------------------------------
     0 | D:1      | bmfx the Formicid Fire Elementalist began the quest for the
                  | Orb.
     0 | D:1      | Reached XP level 1. HP: 13/13 MP: 3/3
    31 | D:1      | Reached skill level 1 in Conjurations
   208 | D:1      | Reached XP level 2. HP: 19/19 MP: 3/5
   598 | D:1      | Reached XP level 3. HP: 24/24 MP: 6/6
  1739 | D:2      | Found a shadowy altar of Dithmenos.
  1748 | D:2      | Reached XP level 4. HP: 30/30 MP: 2/8
  2024 | D:2      | Found an opulent altar of Gozag.
  2030 | D:2      | Learned a level 4 spell: Sticky Flame
  2056 | D:2      | Found a glowing golden altar of the Shining One.
  2144 | D:2      | Found an ornate altar of the Wu Jian Council.
  2287 | D:2      | Found a burning altar of Makhleb.
  2699 | D:3      | Reached XP level 5. HP: 35/35 MP: 1/9
  3069 | D:3      | Learned a level 5 spell: Fireball
  3162 | D:3      | Reached XP level 6. HP: 41/41 MP: 6/11
  3976 | D:4      | Found an ancient bone altar of Kikubaaqudgha.
  4250 | D:4      | Found a glowing silver altar of Zin.
  4370 | D:4      | Found a staircase to the Ecumenical Temple.
  4380 | Temple   | Entered the Ecumenical Temple
  4510 | D:4      | Reached XP level 7. HP: 46/46 MP: 8/12
  4657 | D:4      | Got a jasper-encrusted leather armour
  4668 | D:4      | Identified the +2 leather armour "Emeniawe" {rN+ Str+7
                  | Int-4} (You found it on level 4 of the Dungeon)
  5443 | D:5      | Entered Level 5 of the Dungeon
  5517 | D:5      | Reached skill level 5 in Fire Magic
  5913 | D:5      | Reached skill level 5 in Conjurations
  6036 | D:5      | Reached skill level 1 in Fighting
  6210 | D:5      | Reached skill level 2 in Fighting
  6210 | D:5      | Reached XP level 8. HP: 51/56 MP: 6/14
  6653 | D:5      | Found Qior's Book Shoppe.
  6759 | D:5      | Reached skill level 3 in Fighting
  6841 | D:5      | Found a radiant altar of Vehumet.
  7227 | D:5      | Found a hide-covered altar of Uskayaw.
  7306 | D:5      | Became a worshipper of Uskayaw the Reveler
  7346 | D:5      | Reached * piety under Uskayaw
  7524 | D:6      | Reached ** piety under Uskayaw
  7525 | D:6      | Reached skill level 4 in Fighting
  7580 | D:6      | Found a sacrificial altar of Ru.
  7644 | D:6      | Reached skill level 5 in Spellcasting
  8126 | D:6      | Reached XP level 9. HP: 58/65 MP: 0/16
  8586 | D:7      | Reached skill level 1 in Invocations
  8689 | D:7      | Noticed Dowan
  8698 | D:7      | Noticed Duvessa
  8786 | D:7      | Reached *** piety under Uskayaw
  9314 | D:7      | Found a runed translucent gate.
  9314 | D:7      | Found a runed translucent gate.
  9315 | D:7      | Found a runed translucent gate.
  9315 | D:7      | Noticed PeterMcNeter's ghost (novice DEFE)
 10027 | D:8      | Found a hide-covered altar of Uskayaw.
 10210 | D:8      | Reached **** piety under Uskayaw
 10291 | D:8      | Found a staircase to the Lair.
 10468 | D:8      | Found a shimmering blue altar of Sif Muna.
 10977 | D:9      | Reached skill level 5 in Dodging
 11183 | D:9      | Found a sparkling altar of Nemelex Xobeh.
 11477 | D:9      | Reached XP level 10. HP: 71/71 MP: 8/19
 11946 | D:9      | Noticed Prince Ribbit
 11956 | D:9      | Killed Prince Ribbit
 12381 | D:9      | Found a hazy altar of Hepliaklqana.
 12766 | D:10     | Entered Level 10 of the Dungeon
 13127 | D:10     | Noticed an unseen horror
 13134 | D:10     | Killed an unseen horror
 13211 | D:10     | Noticed Nergalle
 13468 | D:10     | Found a runed translucent gate.
 13469 | D:10     | Found a runed translucent gate.
 13469 | D:10     | Found a runed translucent gate.
 13471 | D:10     | Noticed Lugonue's ghost (journeyman GrVM)
 13610 | D:10     | Noticed Maurice
 13619 | D:10     | Noticed Fannar
 13869 | D:10     | Reached XP level 11. HP: 73/77 MP: 11/20
 14378 | D:10     | Noticed a purple ugly thing
 14575 | D:11     | Noticed Snorg
 15038 | D:11     | Noticed a skeletal warrior
 15058 | D:11     | Killed a skeletal warrior
 15297 | D:11     | You fall into a shaft and drop 2 floors!
 15474 | D:11     | Found Juxavi's Antique Weapon Shop.
 15795 | Lair:1   | Entered Level 1 of the Lair of Beasts
 15835 | Lair:1   | Reached skill level 10 in Fighting
 15835 | Lair:1   | Reached XP level 12. HP: 21/98 MP: 3/21
 15852 | Lair:1   | You fall into a shaft and drop 1 floor!
 15861 | Lair:2   | HP: 1/98 [wolf (5)]
 15861 | Lair:2   | Slain by a wolf
